 Dungeon Crawl Stone Soup version 0.17-a0-1562-g9b2c768 (webtiles) character file.

39139 Chiseanne the Champion of Chaos (level 13, -7/101 HPs)
             Began as a Demonspawn Wanderer on July 21, 2015.
             Was the Champion of Makhleb.
             Mangled by an orc warrior
             ... wielding a cursed -1 trident
              (8 damage)
             ... while paralysed by an orc sorcerer
             ... on level 4 of the Orcish Mines.
             The game lasted 01:42:32 (19295 turns).

Chiseanne the Champion of Chaos (DsWn)             Turns: 19295, Time: 01:42:32

Health: -7/101     AC: 13    Str: 14    XL:     13   Next: 67%
Magic:  0/27       EV:  2    Int: 15    God:    Makhleb [******]
Gold:   302        SH:  0    Dex: 15    Spells: 6 memorised, 20 levels left

rFire  . . .     SeeInvis .     a - +8 autumn katana {slice, Clar}
rCold  + . .     Clarity  +     l - +3 ring mail {rC+}
rNeg   . . .     SustAt   .     (no shield)
rPois  .         Gourm    .     (no helmet)
rElec  .         Spirit   +     U - +1 cloak
rCorr  .         Warding  .     (gloves unavailable)
rMut   .         Stasis   .     (no boots)
MR     .....                    O - amulet of guardian spirit
Stlth  ++........               E - +4 ring of slaying
                                t - +4 ring of evasion

@: paralysed, drained, not resistant to hostile enchantments, unstealthy
A: claws 3, yellow scales 1, nightstalker 1, powered by death 2
a: Minor Destruction, Lesser Servant of Makhleb, Major Destruction, Greater
Servant of Makhleb, Renounce Religion


You were on level 4 of the Orcish Mines.
You worshipped Makhleb.
Makhleb was exalted by your worship.
You were hungry.

You visited 3 branches of the dungeon, and saw 19 of its levels.
You visited 1 bazaar.
You also visited: Ossuary.

You collected 2251 gold pieces.
You spent 1949 gold pieces at shops.

Inventory:

Hand weapons
 a - the +8 autumn katana (weapon) {slice, Clar}
   (You found it on level 2 of the Orcish Mines)

   It inflicts extra damage upon your enemies.
   It protects you against confusion.
 d - a +2 hand axe of flaming
 e - a +0 arbalest of velocity
 w - a +2 blowgun
 T - a +2 executioner's axe of freezing
 W - the +2 dagger "Tytaicet" {pierce, rPois}
   (You found it on level 10 of the Dungeon)

   It inflicts extra damage upon your enemies.
   It protects you from poison.
 X - a +0 flail of protection
Missiles
 i - 5 curare-tipped needles
 j - 60 poisoned needles
 F - 55 bolts
 S - 3 throwing nets (quivered)
Armour
 l - a +3 ring mail of cold resistance (worn)
 H - a troll hide
 U - a +1 cloak (worn)
Jewellery
 n - an uncursed amulet of the gourmand {unknown}
 t - a +4 ring of evasion (left claw)
 A - an uncursed amulet of regeneration
 E - a +4 ring of slaying (right claw)
 G - an uncursed ring of wizardry
 J - an uncursed amulet of rage {unknown}
 O - an amulet of guardian spirit (around neck)
 P - an uncursed ring of teleportation
Magical devices
 y - a wand of disintegration (0)
 L - a wand of cold (0)
 Y - a wand of digging (0)
Scrolls
 v - 8 scrolls of remove curse
 C - a scroll of teleportation
 I - a scroll of blinking
 M - a scroll of fog
 N - a scroll of immolation
Potions
 b - 6 potions of heal wounds
 c - 14 potions of curing
 m - a potion of cancellation
 q - a potion of agility
 u - 5 potions of flight
 z - 3 potions of brilliance
 D - 2 potions of lignification
Books
 r - a book of Necromancy

   Spells                             Type                      Level
   a - Pain                           Necromancy                   1
   b - Animate Skeleton               Necromancy                   1
   c - Vampiric Draining              Necromancy                   3
   d - Regeneration                   Charms/Necromancy            3
   e - Animate Dead                   Necromancy                   4
   f - Control Undead                 Necromancy                   4
 s - a book of Flames

   Spells                             Type                      Level
   a - Flame Tongue                   Conjuration/Fire             1
   b - Throw Flame                    Conjuration/Fire             2
   c - Conjure Flame                  Conjuration/Fire             3
   d - Inner Flame                    Hexes/Fire                   3
   e - Sticky Flame                   Conjuration/Fire             4
   f - Fireball                       Conjuration/Fire             5
 x - a book of Envenomations

   Spells                             Type                      Level
   a - Spider Form                    Transmutation/Poison         3
   b - Alistair's Intoxication        Transmutation/Poison         4
   c - Olgreb's Toxic Radiance        Poison                       4
   d - Poisonous Cloud                Conjuration/Poison/Air       6
 K - a book of Cantrips

   Spells                             Type                      Level
   a - Corona                         Hexes                        1
   b - Animate Skeleton               Necromancy                   1
   c - Summon Small Mammal            Summoning                    1
   d - Apportation                    Translocation                1
 Q - a book of Burglary

   Spells                             Type                      Level
   a - Swiftness                      Charms/Air                   2
   b - Passwall                       Transmutation/Earth          3
   c - Passage of Golubria            Translocation                4
   d - Lee's Rapid Deconstruction     Earth                        5
   e - Invisibility                   Hexes                        6
   f - Darkness                       Hexes                        7
 R - a book of Changes

   Spells                             Type                      Level
   a - Beastly Appendage              Transmutation                1
   b - Sticks to Snakes               Transmutation                2
   c - Spider Form                    Transmutation/Poison         3
   d - Ice Form                       Ice/Transmutation            4
   e - Blade Hands                    Transmutation                5
 Z - a book of the Earth

   Spells                             Type                      Level
   a - Leda's Liquefaction            Hexes/Earth                  4
   b - Bolt of Magma                  Conjuration/Fire/Earth       5
   c - Statue Form                    Transmutation/Earth          6
   d - Iron Shot                      Conjuration/Earth            6
   e - Shatter                        Earth                        9
Comestibles
 f - 7 bread rations
 p - 8 meat rations


   Skills:
 * Level 9.5(8.8) Fighting
 - Level 6.3(5.6) Maces & Flails
 - Level 1.7(1.2) Throwing
 - Level 5.0(4.4) Armour
 + Level 6.0(5.3) Dodging
 - Level 2.0(1.4) Stealth
 - Level 6.2(5.6) Unarmed Combat
 * Level 10.8(10.1) Spellcasting
 + Level 9.5(8.8) Necromancy
   Level 1.0(0.4) Earth Magic
 * Level 13.6(12.8) Invocations


You had 20 spell levels left.
You knew the following spells:

 Your Spells              Type           Power        Failure   Level  Hunger
a - Apportation           Tloc           #.........   21%         1    None
b - Animate Skeleton      Necr           N/A          1%          1    None
c - Vampiric Draining     Necr           ####......   1%          3    None
d - Regeneration          Chrm/Necr      ###.......   12%         3    None
e - Control Undead        Necr           ####......   6%          4    ###....
f - Pain                  Necr           ####         1%          1    None


Dungeon Overview and Level Annotations

Branches:
Dungeon (14/15)            Temple (1/1) D:5            Lair (0/8) D:11
    Orc (4/4) D:12            Elf (0/3) Orc:3        Vaults (0/5) D:13

Altars:
Ashenzari
Cheibriados
Dithmenos
Elyvilon
Fedhas
Gozag
Kikubaaqudgha
Makhleb
Nemelex Xobeh
Okawaru
Qazlal
Ru
Sif Muna
Trog
Vehumet
Xom
Yredelemnul
Zin
The Shining One
Beogh

Shops:
D:5 !   Orc:3 (   Orc:4 ([:*

Annotations:
D:8 exclusion: statue
D:10 exclusion: orange crystal statue


Innate Abilities, Weirdness & Mutations

You have claws for hands.
You are partially covered in yellow scales (AC +2).
You are slightly more attuned to the shadows.
You regenerate health from kills.


Message History

Helpless, you fail to dodge the bolt of negative energy.
You feel drained.
* * * LOW HITPOINT WARNING * * *
Your orc skeleton hits the fungus with a club.
Your ogre skeleton closely misses the orc warrior.
The orc priest hits you from afar with a trident.
* * * LOW HITPOINT WARNING * * *
The red devil hits your orc skeleton with a demon trident of freezing!
Your orc skeleton is destroyed!
Your orc skeleton hits the fungus with a short sword.
The orc warrior hits you from afar with an enchanted trident.
* * * LOW HITPOINT WARNING * * *
The orc hits your ogre skeleton with a short sword.
The orc sorcerer hits you but does no damage.
The orc priest hits you from afar with a trident!
* * * LOW HITPOINT WARNING * * *
Your orc skeleton hits the fungus with a club.
Your orc skeleton hits the fungus with a short sword.
The orc warrior hits you from afar with an enchanted trident!
You die...

..P.P.....P.#
......P..P..#
...........P.#
......o∩...P.#
.....ooooo..P#
.#....oo8Z.P..#
.....P4PP@P....# .
.......ZZZ...... .
.#.....#P.P......
......#................
.............#...#....#
.................######
.......##.......##
..#.#........####
..........Z..#


You could see an orc sorcerer, a red devil, 3 orc warriors, an orc priest, 3
orcs, a friendly goblin skeleton, 2 friendly orc skeletons and a friendly ogre
skeleton.

Vanquished Creatures
  Rupert (Orc:3)
  An orc warlord (Orc:4)
  Erolcha (D:8)
  A vault guard (D:13)
  A hydra (D:13)
  A centaur warrior (D:13)
  2 orc high priests (Orc:4)
  2 unseen horrors (D:13)
  6 hill giants
  An ice statue (D:10)
  Pikel (D:8)
  9 orc knights
  2 orc sorcerers
  2 ugly things
  2 cyclopes
  Psyche (D:8)
  A kobold demonologist (D:13)
  4 trolls
  Prince Ribbit (D:7)
  A slime creature (D:13)
  A two-headed ogre (D:11)
  2 deep elf magi
  3 water elementals (D:13)
  A hippogriff (D:13)
  A wyvern (D:8)
  Grum (D:9)
  9 yaks
  2 hungry ghosts
  Menkaure (D:4)
  4 vampire mosquitoes (D:12)
  A soldier ant (D:12)
  3 wolves (D:9)
  12 wargs
  A sky beast (D:9)
  26 orc warriors
  2 wasps
  5 phantoms
  5 ice beasts
  A slave (D:8)
  4 eyes of draining
  7 ogres
  6 centaurs
  A gnoll sergeant (D:4)
  A crocodile (D:11)
  Blork the orc (Orc:2)
  2 big kobolds
  7 giant frogs
  2 scorpions
  7 killer bees
  5 wights
  An electric eel (D:13)
  A crimson imp (D:11)
  2 centaur zombies
  11 hounds
  2 quasits
  3 centaur skeletons
  A giant frog zombie (D:11)
  17 orc priests
  5 jellies
  A wasp zombie (D:12)
  5 iguanas
  18 orc wizards
  10 worker ants
  A killer bee zombie (D:8)
  A hound skeleton (D:11)
  2 mummies (Ossuary)
  9 adders
  4 gnolls
  2 river rats (D:11)
  6 shadow imps
  3 oozes
  An adder zombie (D:5)
  3 worms (D:2)
  3 giant geckos
  148 orcs
  A ball python (D:1)
  14 bats
  7 gnoll skeletons (Ossuary)
  3 gnoll zombies (Ossuary)
  22 goblins
  12 hobgoblins
  10 jackals
  23 kobolds
  4 quokkas
  5 giant cockroaches
  6 giant newts
  3 goblin skeletons (Ossuary)
  2 goblin zombies (Ossuary)
  A hobgoblin skeleton (Ossuary)
  3 kobold skeletons (Ossuary)
  A kobold zombie (Ossuary)
  5 orc zombies (Ossuary)
  16 rats
  2 rat skeletons (Ossuary)
  7 rat zombies
  10 fungi
  4 plants
586 creatures vanquished.

Vanquished Creatures (collateral kills)
  Harold (Orc:3)
  An orc high priest (Orc:3)
  A hill giant (D:11)
  2 ugly things
  2 orc knights
  3 trolls
  4 yaks (D:12)
  A deep elf fighter (D:11)
  9 wargs
  Edmund (D:5)
  A sky beast (D:10)
  10 orc warriors
  2 ice beasts (D:13)
  An ogre (D:11)
  A phantom (D:10)
  A centaur (D:12)
  A big kobold (D:9)
  A scorpion (D:9)
  A crimson imp (D:9)
  4 orc wizards
  3 orc priests
  A worker ant (D:11)
  A worker ant zombie (D:10)
  4 gnolls (D:7)
  3 adders
  25 orcs
  A bat skeleton (D:7)
  2 goblins (D:1)
  A hobgoblin (D:7)
  2 jackals (D:4)
  9 kobolds
  A quokka (D:9)
  5 bats
  A giant newt (D:1)
  2 rats
  A fungus (Orc:4)
  A plant (D:11)
111 creatures vanquished.

Vanquished Creatures (others)
  A statue (D:8)
  2 mummies (Ossuary)
  A gnoll zombie (Ossuary)
  A gnoll skeleton (Ossuary)
  3 goblin skeletons (Ossuary)
  A goblin zombie (Ossuary)
  A hobgoblin zombie (Ossuary)
  2 kobold skeletons (Ossuary)
  2 kobold zombies (Ossuary)
  3 orc skeletons (Ossuary)
  An orc zombie (Ossuary)
  2 rat zombies (Ossuary)
  3 fungi (Orc:4)
23 creatures vanquished.

Grand Total: 720 creatures vanquished

Notes
Turn   | Place    | Note
--------------------------------------------------------------
     0 | D:1      | Chiseanne the Demonspawn Wanderer began the quest for the Orb.
     0 | D:1      | Chiseanne set off with: a book of Necromancy, a +0 ring mail, a potion of curing, a +0 dagger, a bread ration
     0 | D:1      | Reached XP level 1. HP: 18/18 MP: 2/2
     3 | D:1      | Learned a level 1 spell: Animate Skeleton
     5 | D:1      | Learned a level 1 spell: Pain
   258 | D:1      | Gained mutation: You have sharp fingernails. [demonic ancestry]
   258 | D:1      | Reached XP level 2. HP: 24/24 MP: 0/3
   731 | D:1      | Gained mutation: You regenerate a little health from kills. [demonic ancestry]
   731 | D:1      | Reached XP level 3. HP: 27/29 MP: 1/4
  1330 | D:1      | Reached skill level 1 in Unarmed Combat
  1407 | D:1      | Reached skill level 1 in Armour
  1448 | D:1      | Found a snail-covered altar of Cheibriados.
  1758 | D:2      | Reached skill level 4 in Necromancy
  1758 | D:2      | Reached XP level 4. HP: 33/35 MP: 0/6
  2180 | D:3      | Learned a level 3 spell: Vampiric Draining
  2790 | D:4      | Noticed Menkaure
  2798 | D:4      | Killed Menkaure
  2798 | D:4      | Gained mutation: You have very sharp fingernails. [demonic ancestry]
  2798 | D:4      | Reached XP level 5. HP: 13/42 MP: 2/8
  3011 | D:4      | Noticed an ogre
  3015 | D:4      | Killed an ogre
  3015 | D:4      | Gained mutation: You are slightly more attuned to the shadows. [demonic ancestry]
  3015 | D:4      | Reached XP level 6. HP: 48/48 MP: 8/10
  3021 | D:4      | Noticed a phantom
  3038 | D:4      | Killed a phantom
  3089 | D:4      | Learned a level 3 spell: Regeneration
  3243 | D:4      | Noticed an ogre
  3247 | D:4      | Killed an ogre
  3247 | D:4      | Reached skill level 1 in Stealth
  3596 | D:4      | Gained mutation: You regenerate health from kills. [demonic ancestry]
  3596 | D:4      | Reached XP level 7. HP: 51/54 MP: 7/12
  4037 | D:5      | Entered Level 5 of the Dungeon
  4181 | D:5      | Found Ydwergho's Distillery.
  4186 | D:5      | Bought a potion of heal wounds for 60 gold pieces
  4186 | D:5      | Bought a potion of agility for 48 gold pieces
  4186 | D:5      | Bought a potion of flight for 36 gold pieces
  4186 | D:5      | Bought a potion of brilliance for 48 gold pieces
  4237 | D:5      | Found a staircase to the Ecumenical Temple.
  4245 | Temple   | Entered the Ecumenical Temple
  4296 | Temple   | Became a worshipper of Makhleb the Destroyer
  4352 | D:5      | Found a stormy altar of Qazlal.
  4521 | D:5      | Noticed Edmund
  4539 | D:5      | Killed Edmund
  4539 | D:5      | Reached skill level 5 in Necromancy
  4591 | D:5      | Found a sand-covered staircase.
  4602 | Ossuary  | Entered an ossuary
  4650 | Ossuary  | Acquired Makhleb's first power
  5172 | D:5      | Reached skill level 1 in Maces & Flails
  5807 | D:5      | Bought a potion of curing for 36 gold pieces
  5807 | D:5      | Bought a potion of curing for 36 gold pieces
  5847 | D:6      | Learned a level 4 spell: Control Undead
  5939 | D:6      | Acquired Makhleb's second power
  6201 | D:6      | Gained mutation: You are partially covered in yellow scales (AC +2). [demonic ancestry]
  6201 | D:6      | Reached XP level 8. HP: 61/61 MP: 14/14
  6542 | D:6      | Found an ancient bone altar of Kikubaaqudgha.
  6604 | D:6      | Reached skill level 1 in Invocations
  7189 | D:7      | Noticed Prince Ribbit
  7220 | D:7      | Reached skill level 5 in Fighting
  7239 | D:7      | Killed Prince Ribbit
  7239 | D:7      | Reached skill level 5 in Spellcasting
  7452 | D:7      | Reached XP level 9. HP: 50/68 MP: 3/17
  7654 | D:7      | Acquired Makhleb's third power
  7875 | D:7      | Noticed an orc knight
  7899 | D:7      | Killed an orc knight
  7899 | D:7      | Reached skill level 6 in Necromancy
  8006 | D:7      | Reached skill level 5 in Invocations
  8141 | D:7      | Noticed an orc knight
  8270 | D:7      | Acquired Makhleb's fourth power
  8470 | D:7      | Reached XP level 10. HP: 73/76 MP: 7/19
  8576 | D:7      | Killed an orc knight
  8576 | D:7      | Reached skill level 5 in Maces & Flails
  8950 | D:8      | Reached skill level 5 in Armour
  9078 | D:8      | Noticed Erolcha
  9094 | D:8      | Paralysed by Erolcha for 2 turns
  9097 | D:8      | Killed Erolcha
  9097 | D:8      | Reached skill level 1 in Dodging
  9097 | D:8      | Reached skill level 7 in Invocations
  9456 | D:8      | Noticed Pikel
  9474 | D:8      | Killed Pikel
  9528 | D:8      | Noticed Psyche
  9548 | D:8      | Killed Psyche
  9686 | D:8      | Your ally Psyche died
  9715 | D:8      | Found a radiant altar of Vehumet.
  9978 | D:8      | Reached skill level 8 in Invocations
 10121 | D:9      | Acquired Makhleb's fifth power
 10275 | D:9      | Noticed Grum
 10325 | D:9      | Killed Grum
 10450 | D:9      | Gained mutation: You have claws for hands. [demonic ancestry]
 10450 | D:9      | Reached XP level 11. HP: 80/83 MP: 19/22
 10497 | D:9      | Found a sacrificial altar of Ru.
 10498 | D:9      | Found a glowing silver altar of Zin.
 10529 | D:9      | Your ally Grum died
 10590 | D:9      | Found a sparkling altar of Nemelex Xobeh.
 10848 | D:10     | Entered Level 10 of the Dungeon
 10958 | D:10     | Noticed an ice statue
 10982 | D:10     | Killed an ice statue
 11008 | D:10     | Got a dazzling dagger
 11009 | D:10     | Identified the +2 dagger "Tytaicet" {pierce, rPois} (You found it on level 10 of the Dungeon)
 11164 | D:10     | Noticed a hill giant
 11177 | D:10     | Killed a hill giant
 11223 | D:10     | Noticed a hill giant
 11229 | D:10     | Killed a hill giant
 11229 | D:10     | Reached skill level 9 in Invocations
 11794 | D:11     | Got a pitted leather armour
 11807 | D:11     | Identified the cursed +0 leather armour of Fun and Games {*Drain +Fly rF+ Str-3} (You found it on level 11 of the Dungeon)
 11997 | D:11     | Noticed a hill giant
 12006 | D:11     | Killed a hill giant
 12098 | D:11     | Noticed a hill giant
 12107 | D:11     | Killed a hill giant
 12272 | D:11     | Found a staircase to the Lair.
 12278 | D:11     | Reached skill level 10 in Invocations
 13106 | D:12     | Found a staircase to the Orcish Mines.
 13182 | D:12     | Noticed a hill giant
 13195 | D:12     | Killed a hill giant
 13234 | D:12     | Reached XP level 12. HP: 90/92 MP: 6/24
 13768 | D:13     | Reached skill level 5 in Unarmed Combat
 13785 | D:13     | Noticed a four-headed hydra
 13830 | D:13     | Reached skill level 11 in Invocations
 13835 | D:13     | Killed a one-headed hydra
 13890 | D:13     | Noticed a centaur warrior
 13891 | D:13     | Noticed a vault guard
 13906 | D:13     | Killed a centaur warrior
 13940 | D:13     | Killed a vault guard
 14465 | D:13     | Paralysed by a wasp for 3 turns
 14492 | D:13     | Reached skill level 12 in Invocations
 14512 | D:13     | Found a gate to the Vaults.
 14602 | D:13     | Reached skill level 5 in Dodging
 15266 | Orc:1    | Entered Level 1 of the Orcish Mines
 15326 | Orc:1    | Found a roughly hewn altar of Beogh.
 16445 | Orc:2    | Found a shimmering altar of Xom.
 16475 | Orc:2    | Reached skill level 10 in Spellcasting
 16562 | Orc:2    | Noticed Blork the orc
 16574 | Orc:2    | Killed Blork the orc
 16599 | Orc:2    | Your ally Blork died
 16698 | Orc:2    | Reached XP level 13. HP: 70/99 MP: 4/27
 16886 | Orc:2    | Learned a level 1 spell: Apportation
 16956 | Orc:3    | Found a staircase to the Elven Halls.
 16956 | Orc:3    | Noticed Harold
 16979 | Orc:3    | Killed Harold
 18115 | Orc:4    | Entered Level 4 of the Orcish Mines
 18115 | Orc:4    | Found a flickering gateway to a bazaar.
 18128 | Bazaar   | Entered a bazaar
 18128 | Bazaar   | Found Vic Ciecw's Antique Weapon Emporium.
 18128 | Bazaar   | Found Giycee's Jewellery Shoppe.
 18128 | Bazaar   | Found Ysyukka's General Store.
 18136 | Bazaar   | Found Sauzul's Distillery.
 18136 | Bazaar   | Found Aruloc's General Store.
 18167 | Bazaar   | Bought a +4 ring of slaying for 1014 gold pieces
 18167 | Bazaar   | Bought a cursed -2 ring of intelligence for 26 gold pieces
 18177 | Bazaar   | Bought a scroll of blinking for 120 gold pieces
 18182 | Bazaar   | Bought a potion of haste for 130 gold pieces
 18182 | Bazaar   | Bought a potion of ambrosia for 104 gold pieces
 18193 | Bazaar   | Bought a potion of agility for 52 gold pieces
 18193 | Bazaar   | Bought a potion of haste for 130 gold pieces
 18193 | Bazaar   | Bought a potion of curing for 39 gold pieces
 18244 | Orc:4    | Noticed Rupert
 18246 | Orc:4    | Paralysed by Rupert for 5 turns
 18263 | Orc:3    | Found Modeiterr's Weapon Shop.
 18321 | Orc:3    | Killed Rupert
 18321 | Orc:3    | Reached skill level 13 in Invocations
 18466 | Orc:4    | Found Guriu's Antique Weapon Shoppe.
 18516 | Orc:4    | Bought a glowing blowgun for 70 gold pieces
 18632 | Orc:4    | Found Jibuommyut's Antique Armour Emporium.
 18960 | Orc:4    | Found Ketol's Book Emporium.
 19042 | Orc:4    | Noticed an orc warlord
 19088 | Orc:4    | Killed an orc warlord
 19122 | Orc:4    | Found a roughly hewn altar of Beogh.
 19275 | Orc:4    | Found Anoty's General Store.
 19291 | Orc:4    | Paralysed by an orc sorcerer for 6 turns
 19295 | Orc:4    | HP: 1/101 [orc priest/trident (8)]
 19295 | Orc:4    | Mangled by an orc warrior

Vault maps used:
D:1:      dpeg_arrival_water_altar, minmay_misc_feat_columns
D:4:      uniq_menkaure
D:5:      kennysheep_mini_moat, minmay_temple_entry_glass, serial_shops, shop,
          first_bread, enter_ossuary_3, uniq_edmund
D:6:      nicolae_overflow_crystal_walls
D:7:      lemuel_castle_with_subvaults, minmay_misc_feat_diagonals,
          uniq_prince_ribbit1
D:8:      vehumet_statue, uniq_psyche, uniq_erolcha, uniq_pikel
D:9:      gammafunk_temple_overflow_statue, kennysheep_little_box,
          blue_anna_alchemist, corner_web_ring, uniq_grum
D:10:     minmay_separated_statues
D:11:     grunt_lair_entry_elf_guard_hut
D:12:     orc_0_dummy
D:13:     minmay_twisted_water, david_vaults_5
D:14:     small_statue_alley_a, serial_bayou_crossing
Temple:   nicolae_temple_god_jail
Orc:1:    basic_altar
Orc:2:    basic_altar, nicolae_orc_pool_cavern, sword_in_stone
Orc:3:    serial_shops, nicolae_shop_trees, special_room, uniq_harold
Orc:4:    grunt_orc_gardens, grunt_orc_garden, grunt_orc_garden,
          grunt_orc_garden, grunt_orc_garden, basic_altar, serial_shops,
          freezing_bzr, uniq_rupert, uniq_snorg
Bazaar:   bazaar_minmay_generic_island
Ossuary:  ossuary_due_pyramid

Action                   |  1- 3 |  4- 6 |  7- 9 | 10-12 | 13-15 || total
-------------------------+-------+-------+-------+-------+-------++-------
Melee: Dagger            |    10 |       |       |       |       ||    10
       Unarmed           |    99 |    48 |       |   463 |       ||   610
       Flail             |       |    50 |   500 |   757 |       ||  1307
       Short sword       |       |       |    15 |    64 |       ||    79
       Hand axe          |       |       |       |    26 |       ||    26
       Katana            |       |       |       |       |   310 ||   310
 Fire: Blowgun           |       |       |    11 |    46 |    10 ||    67
Throw: Javelin           |       |    13 |     5 |    24 |       ||    42
       Tomahawk          |       |       |       |     9 |       ||     9
 Cast: Pain              |    31 |     9 |    10 |     2 |       ||    52
       Animate Skeleton  |    19 |    12 |    46 |    88 |    64 ||   229
       Vampiric Draining |       |       |    14 |    38 |    12 ||    64
       Regeneration      |       |       |       |     1 |     5 ||     6
       Apportation       |       |       |       |       |     7 ||     7
Invok: Greater Servant o |       |       |       |       |     2 ||     2
Evoke: Wand              |       |       |       |     8 |     8 ||    16
  Use: Scroll            |       |     3 |    10 |    18 |     2 ||    33
       Potion            |       |       |     2 |     3 |     7 ||    12
 Stab: Distracted        |     2 |       |     2 |     8 |     3 ||    15
       Sleeping          |       |     2 |     6 |    15 |     8 ||    31
  Eat: Chunk             |     4 |     7 |    16 |     9 |     2 ||    38
       Beef jerky        |       |       |     1 |     3 |       ||     4
       Fruit             |       |       |       |    18 |     8 ||    26
       Royal jelly       |       |       |       |     2 |       ||     2
